 Dungeon Crawl Stone Soup version 0.30-a0-782-ge64f9170bb (webtiles) character file.

Game seed: 796196055830228875

724 Ijustatesigmund the Covered (level 7, -17/46 HPs)
             Began as a Gargoyle Fighter on Feb 21, 2023.
             Was an Initiate of Ashenzari.
             Killed from afar by Dowan (23 damage)
             ... with a shard of ice
             ... on level 5 of the Dungeon.
             The game lasted 00:05:55 (3831 turns).

Ijustatesigmund the Covered (Gargoyle Fighter)      Turns: 3831, Time: 00:05:55

Health: -17/46     AC: 13    Str: 22    XL:     7   Next: 71%
Magic:  7/7        EV:  9    Int:  8    God:    Ashenzari [......]
Gold:   209        SH:  6    Dex:  9    Spells: 6/6 levels left

rFire   + . .      SeeInvis .    a - +0 flail
rCold   . . .      Faith    .    c - +2 buckler
rNeg    + . .      Spirit   .    b - +0 scale mail
rPois   ∞          Reflect  .    (no helmet)
rElec   +          Harm     .    (no cloak)
rCorr   .          Rampage  .    (no gloves)
Will    .....                    l - +0 pair of boots Stlth
                                 (no amulet)
HPRegen 0.27/turn                i - ring of protection from fire
MPRegen 0.10/turn                (no ring)

@: no status effects
A: sickness immunity, AC +4, negative energy resistance 1, electricity
resistance, torment resistance 1, petrification resistance
a: Renounce Religion


You were on level 5 of the Dungeon.
You worshipped Ashenzari.
Ashenzari was noncommittal.
You visited 2 branches of the dungeon, and saw 6 of its levels.

You collected 209 gold pieces.

Inventory:

Hand Weapons
 a - a +0 flail (weapon)
Armour
 b - a +0 scale mail (worn)
 c - a +2 buckler (worn)
 l - a +0 pair of boots (worn)
Jewellery
 i - a ring of protection from fire (left hand)
Scrolls
 g - a scroll of teleportation
 h - 2 scrolls of blinking
 j - 4 scrolls of poison
Potions
 e - 4 potions of attraction
 m - 2 potions of flight


   Skills:
 + Level 6.1 Fighting
 + Level 5.1 Maces & Flails
 + Level 6.1 Armour
 - Level 3.2 Shields


You had 6 spell levels left.
You didn't know any spells.
Your spell library contained the following spells:

 Spells                   Type           Power      Damage    Failure   Level
 Necrotise                Necr           0%         1d4       80%         1
 Inner Flame              Hex/Fire       0%         N/A       99%         3
 Vampiric Draining        Necr           0%         2d6       99%         3
 Flame Wave               Conj/Fire      0%         2d4       100%        4
 Manifold Assault         Tloc           0%         N/A       100%        4
 Sticky Flame             Conj/Fire      0%         2d3       100%        4
 Agony                    Necr           0%         N/A       100%        5
 Dispersal                Tloc           0%         N/A       100%        6
 Disjunction              Tloc           0%         N/A       100%        8


Dungeon Overview and Level Annotations

Branches:
Dungeon (5/15)             Temple (1/1) D:5

Altars:
Ashenzari
Cheibriados
Elyvilon
Gozag
Kikubaaqudgha
Nemelex Xobeh
Okawaru
Qazlal
Sif Muna
Trog
Uskayaw
Vehumet
Xom
Zin
The Shining One

Annotations:
D:5 Dowan


Innate Abilities, Weirdness & Mutations

You are immune to sickness and miasma.
Your stone body is resilient. (AC +4)
You are immune to poison.
You resist negative energy. (rN+)
You are resistant to electric shocks. (rElec)
You are resistant to unholy torment.
You are immune to petrification.


Message History

Duvessa hits you with a +1 vampiric rapier!
* * * LOW HITPOINT WARNING * * *
Okay, then.
You hit Duvessa.
Duvessa is almost dead.
Duvessa hits you but does no damage.
You barely miss Duvessa.
Duvessa is almost dead.
Duvessa hits you but does no damage.
You hit Duvessa.
Duvessa is almost dead.
Dowan whispers, "It won't be long now."
Duvessa closely misses you.
You closely miss Duvessa.
Duvessa is almost dead.
Dowan casts a spell.
Dowan blinks!
Duvessa says, "My weaknesses are his strengths!"
Duvessa hits you but does no damage.
You hit Duvessa but do no damage.
Duvessa is almost dead.
Duvessa hits you with a +1 vampiric rapier.
* * * LOW HITPOINT WARNING * * *
You sock Duvessa!
You kill Duvessa!
You hear a distant wail of despair.
Your Fighting skill increases to level 6!
Your Maces & Flails skill increases to level 5!
Your Armour skill increases to level 6!
You swing at nothing.
Dowan seems to find hidden reserves of power!
Dowan hits you with a +2 dagger of draining.
* * * LOW HITPOINT WARNING * * *
You closely miss Dowan.
Dowan mumbles some strange words.
Dowan blinks!
Dowan points at you and mumbles some strange words.
The shard of ice hits you!!
Ouch! That really hurt!
You die...

...# #..
##### ####
..# ..###
#... ###[##
#....#
###.#.####
###)e.#.##.#
#@§####.e..#
#### #...##
# #.#.#
#.#...
##.####..
#####..# ..
#.....## .
#.##### #.#


You could see Dowan (fast).

Vanquished Creatures
  Duvessa (D:5)
  An ogre (D:5)
  2 centaurs (D:5)
  A scorpion (D:4)
  A howler monkey (D:4)
  A jelly (D:5)
  2 hounds
  2 iguanas (D:5)
  3 gnolls (D:2)
  3 adders
  A worm (D:4)
  3 dart slugs
  An orc (D:5)
  3 ball pythons
  6 bats
  8 endoplasms
  4 giant cockroaches
  5 goblins
  7 hobgoblins
  3 jackals (D:3)
  5 quokkas
  2 frilled lizards
  5 kobolds
  7 rats
77 creatures vanquished.

Vanquished Creatures (others)
  An ogre (D:5)
1 creature vanquished.

Grand Total: 78 creatures vanquished

Notes
Turn   | Place    | Note
-------+----------+-------------------------------------------
     0 | D:1      | Ijustatesigmund the Gargoyle Fighter began the quest for
                  | the Orb.
     0 | D:1      | Reached XP level 1. HP: 14/14 MP: 1/1
   274 | D:1      | Reached XP level 2. HP: 19/19 MP: 2/2
   636 | D:1      | Reached XP level 3. HP: 20/24 MP: 3/3
  1038 | D:2      | You fall into a shaft and drop 1 floor!
  1300 | D:2      | Reached XP level 4. HP: 20/29 MP: 4/4
  1803 | D:3      | Found an iron altar of Okawaru.
  2496 | D:4      | Reached XP level 5. HP: 27/34 MP: 5/5
  2741 | D:4      | Reached XP level 6. HP: 34/40 MP: 6/6
  2757 | D:4      | Reached skill level 5 in Fighting
  2757 | D:4      | Reached skill level 5 in Armour
  2886 | D:4      | Found a sparkling altar of Nemelex Xobeh.
  2947 | D:5      | Entered Level 5 of the Dungeon
  3040 | D:5      | Reached XP level 7. HP: 34/44 MP: 7/7
  3563 | D:5      | Found a staircase to the Ecumenical Temple.
  3569 | Temple   | Entered the Ecumenical Temple
  3722 | Temple   | Became a worshipper of Ashenzari the Shackled
  3783 | D:5      | Noticed Duvessa
  3783 | D:5      | Noticed Dowan
  3823 | D:5      | Killed Duvessa
  3824 | D:5      | Reached skill level 5 in Maces & Flails
  3831 | D:5      | Killed from afar by Dowan

Illustrated notes

Levels and vault maps discovered:
D:1:      dpeg_arrival_tiny_a, layout_loops_ring
D:2:      layout_rooms, hangedman_decor_riveting, amethyst_killhole,
          reono_crystal_passage, minmay_splitting_lines, hangedman_decor_points,
          minmay_misc_feat_room
D:3:      layout_loops_corners, mainiacjoe_overflow_boulevard
D:4:      layout_rooms, nemelex_spade_bored_becter, serial_corexii_hall,
          corexii_hall_statues_l, chequers_hall_statues_wall_a
D:5:      layout_basic, mainiacjoe_overflow_alcove_2,
          pdpol_wu_jian_five_deadly_venoms, minmay_temple_entry_hall,
          corexii_item_surrounded_by_moat, minmay_shop_grid_forest, minmay_bent,
          uniq_edmund, uniq_duvessa, uniq_pikel
Temple:   dshaligram_water_room_temple

Skill      XL: |  1  2  3  4  5  6  7 |
---------------+----------------------+-----
Armour         | 4 5 6 |  6.1
Fighting       | 4 5 6 |  6.1
Maces & Flails | 3 4 5 |  5.1
Shields        | |  3.2

Action                     |  1- 3 |  4- 6 |  7- 9 || total
---------------------------+-------+-------+-------++-------
  Melee: Flail             |    93 |   137 |    67 ||   297
    Use: Scroll            |     7 |     6 |     2 ||    15
         Potion            |     2 |     1 |     2 ||     5
   Stab: Invisible         |       |       |     1 ||     1
 Armour: Scale mail        |    48 |    76 |    58 ||   182
         Skin              |       |       |     9 ||     9
  Dodge: Dodged            |    62 |    57 |    55 ||   174
  Block: Buckler           |    23 |    34 |    39 ||    96

Table legend: (Time is in decaauts)
 A = Elapsed time spent in this place.
 B = Non-inter-level travel time spent in this place.
 C = Inter-level travel time spent in this place.
 D = Time resting spent in this place.
 E = Time spent auto-exploring this place.
 F = Levels seen in this place.
 G = Mean time per level.
                   A        B        C        D        E       F      G
               +--------+--------+--------+--------+--------+-----+--------+
         Total |   3896 |   3733 |    163 |    304 |   2671 |   6 |  649.3 |
       Dungeon |   3723 |   3581 |    142 |    304 |   2571 |   5 |  744.6 |
        Temple |    173 |    153 |     20 |      0 |    100 |   1 |  173.0 |
               +--------+--------+--------+--------+--------+-----+--------+

Top non-repeatable levels by time:
     D:3: 892 daAuts
     D:1: 847 daAuts
     D:2: 752 daAuts
     D:5: 728 daAuts
     D:4: 503 daAuts
  Temple: 173 daAuts
